 Dungeon Crawl Stone Soup version 0.19-a0-276-g3ff07cd (webtiles) character file.

23684 Arkorax the Severer (level 13, -6/124 HPs)
             Began as a Hill Orc Gladiator on May 26, 2016.
             Was an Initiate of Ukayaw.
             Mangled by an unseen horror (8 damage)
             ... on level 9 of the Dungeon.
             The game lasted 00:22:49 (17123 turns).

Arkorax the Severer (Hill Orc Gladiator)           Turns: 17123, Time: 00:22:49

Health: -6/124     AC: 15    Str: 22    XL:     13   Next: 8%
Magic:  13/13      EV: 13    Int:  8    God:    Ukayaw [......]
Gold:   523        SH:  0    Dex: 20    Spells: 0 memorised, 12 levels left

rFire  . . .     SeeInvis .     a - +1 war axe
rCold  + . .     Gourm    .     F - +0 plate armour
rNeg   . . .     Faith    .     (no shield)
rPois  .         Spirit   .     c - +0 helmet
rElec  .         Dismiss  .     (no cloak)
rCorr  .         Reflect  .     (no gloves)
SustAt .         Harm     .     (no boots)
MR     .....                    (no amulet)
Stlth  ..........               s - ring of protection from cold
                                p - +3 ring of dexterity

@: agile, not resistant to hostile enchantments, extremely unstealthy
A: no striking features
a: Renounce Religion


You were on level 9 of the Dungeon.
You worshipped Ukayaw.
Ukayaw was noncommittal.
You were not hungry.

You visited 3 branches of the dungeon, and saw 13 of its levels.

You collected 523 gold pieces.

Inventory:

Hand Weapons
 a - a +1 war axe (weapon)
 C - a +1 whip of electrocution
Missiles
 d - 2 throwing nets (quivered)
Armour
 b - a +0 leather armour
 c - a +0 helmet (worn)
 n - a +0 ring mail
 y - a shadow dragon hide
 F - a +0 plate armour (worn)
 I - a +2 buckler
Jewellery
 m - a cursed amulet of inaccuracy
 p - a +3 ring of dexterity (left hand)
 s - a ring of protection from cold (right hand)
 w - a cursed ring of teleportation
Wands
 f - a wand of confusion (8/48)
 H - a wand of lightning (0/15)
Scrolls
 e - 5 scrolls of immolation
 g - 4 scrolls of enchant weapon
 h - 6 scrolls of remove curse
 o - 3 scrolls of identify
 q - 3 scrolls of amnesia
Potions
 i - a potion of mutation
 j - 3 potions of degeneration
 z - 2 potions of brilliance
 D - a potion of resistance
Books
 r - a book of Summonings

   Spells                             Type                      Level
   a - Recall                         Summoning/Translocation      3
   b - Aura of Abjuration             Summoning                    5
   c - Summon Demon                   Summoning                    5
   d - Summon Forest                  Summoning/Translocation      5
   e - Summon Mana Viper              Hexes/Summoning              5
   f - Shadow Creatures               Summoning                    6
 E - a book of Minor Magic

   Spells                             Type                      Level
   a - Magic Dart                     Conjuration                  1
   b - Blink                          Translocation                2
   c - Call Imp                       Summoning                    2
   d - Repel Missiles                 Charms/Air                   2
   e - Slow                           Hexes                        2
   f - Conjure Flame                  Conjuration/Fire             3
   g - Mephitic Cloud                 Conjuration/Poison/Air       3
Comestibles
 k - 3 meat rations
 l - 4 beef jerkies
 A - 10 fruits
 J - 8 slices of pizza
 K - 3 bread rations


   Skills:
 * Level 14.1 Fighting
 * Level 18.3 Axes
 - Level 1.7 Throwing
 + Level 9.5 Armour
 - Level 2.4 Dodging


You had 12 spell levels left.
You didn't know any spells.

Dungeon Overview and Level Annotations

Branches:
Dungeon (10/15)            Temple (1/1) D:5            Lair (2/8) D:8
    Orc: D:9-12

Altars:
Ashenzari
Cheibriados
Dithmenos
Elyvilon
Fedhas
Gozag
Hepliaklqana
Kikubaaqudgha
Makhleb
Nemelex Xobeh
Okawaru
Pakellas
Qazlal
Ru
Sif Muna
Trog
Ukayaw
Vehumet
Xom
Yredelemnul
Zin
The Shining One

Shops:
D:5 %   D:7 *


Message History

Drink which item? (? for menu, Esc to quit)
It was a potion of cure mutation.
It has a very clean taste.
Drink which item? (? for menu, Esc to quit)
You feel agile all of a sudden.
You hit something but do no damage. You hit something but do no damage.
You barely miss something.
Something hits you but does no damage. x2
You barely miss something. Something hits you but does no damage.
You see here 25 sling bullets.
Evoke which item? (* to show all) (? for menu, Esc to quit)
Zapping:
f - a wand of confusion {zapped: 8} (will waste charges)
Press: ? - help, Shift-Dir - straight line Nothing appears to happen.
Evoking this partially-identified wand wasted a few charges.
Something hits you but does no damage. Something hits you.
* * * LOW HITPOINT WARNING * * *
Something hits you!
You die...

##..#######.##.######## #.
.....# #...##.# #. .....#
#.####.# ##. .....# #[##...#
#.. .....####)##.### #..
)....##...##.# ##..
....###.####.# ###...
...###..##...##########
###.....
....>...........@(....#
##......#
#....#####.############
#.....### #.#....###.#
###.###...### ..####.##..#
#...##...## ...###.#..##
#.####...#
....##...##########.####[[[#
....##..####.........<#.[.##
.......####..###.######...#
.....#......###..# #..#####


There were no monsters in sight!

Vanquished Creatures
  A fire dragon (D:9)
  A hill giant (D:10)
  Pikel (D:9)
  A griffon (Lair:2)
  Psyche (D:9)
  A spiny frog (Lair:2)
  The ghost of P0WERM0DE the Chopper, a novice DsFi of Ukayaw (D:5)
  9 komodo dragons
  2 trolls
  2 tengu conjurers (D:9)
  Grinder (D:3)
  3 blink frogs (Lair:1)
  Sigmund (D:2)
  12 yaks
  3 hippogriffs
  A hungry ghost (D:8)
  4 water moccasins
  Purgy (D:4)
  5 porcupines
  2 ice beasts
  2 orc warriors (D:9)
  3 slaves (D:9)
  2 black bears
  3 sky beasts
  2 ogres (D:6)
  3 centaurs
  6 crocodiles
  8 giant frogs
  A gnoll sergeant (D:4)
  A water moccasin skeleton (D:5)
  2 scorpions
  21 killer bees (D:9)
  2 howler monkeys
  2 crimson imps
  A quasit (D:10)
  2 centaur zombies
  4 giant frog zombies
  3 hounds
  7 jellies
  2 orc priests (D:3)
  7 iguanas
  Jessica (D:3)
  2 orc wizards (D:8)
  9 worker ants
  A killer bee zombie (D:6)
  5 sheep (Lair:2)
  2 hound skeletons
  A howler monkey skeleton (D:9)
  9 gnolls
  8 adders
  36 river rats
  A shadow imp (D:9)
  7 worms
  6 giant geckos
  25 orcs
  4 bats
  4 giant cockroaches
  10 hobgoblins
  6 jackals
  5 quokkas
  A ball python (D:3)
  5 giant newts
  2 goblins
  A jackal skeleton (D:7)
  6 kobolds
  12 rats
  A plant (Lair:1)
307 creatures vanquished.

Vanquished Creatures (others)
  A crimson imp (D:9)
  4 fungi (Lair:1)
  2 plants (Lair:2)
7 creatures vanquished.

Grand Total: 314 creatures vanquished

Notes
Turn   | Place    | Note
--------------------------------------------------------------
     0 | D:1      | Arkorax the Hill Orc Gladiator began the quest for the Orb.
     0 | D:1      | Reached XP level 1. HP: 18/18 MP: 1/1
   145 | D:1      | Reached XP level 2. HP: 25/25 MP: 2/2
   528 | D:2      | Found a shimmering altar of Xom.
   528 | D:2      | Noticed an angel
   529 | D:2      | Found a glowing silver altar of Zin.
   534 | D:2      | Reached XP level 3. HP: 29/31 MP: 3/3
   579 | D:2      | Noticed Sigmund
   587 | D:2      | Killed Sigmund
   587 | D:2      | Reached skill level 5 in Axes
   587 | D:2      | Reached XP level 4. HP: 17/41 MP: 4/4
   587 | D:2      | Reached XP level 5. HP: 20/47 MP: 5/5
   792 | D:2      | Reached skill level 6 in Axes
  1620 | D:3      | Noticed Grinder
  1622 | D:3      | Paralysed by Grinder for 6 turns
  1631 | D:3      | Killed Grinder
  1631 | D:3      | Reached skill level 5 in Fighting
  1631 | D:3      | Reached XP level 6. HP: 35/56 MP: 6/6
  1841 | D:3      | Found a deep blue altar of Sif Muna.
  1895 | D:3      | Noticed Jessica
  1904 | D:3      | Killed Jessica
  1904 | D:3      | Reached skill level 7 in Axes
  1904 | D:3      | Reached XP level 7. HP: 26/62 MP: 7/7
  2297 | D:3      | Found an iron altar of Okawaru.
  3460 | D:4      | Noticed Purgy
  3472 | D:4      | Killed Purgy
  3472 | D:4      | Reached skill level 8 in Axes
  3525 | D:4      | Reached XP level 8. HP: 67/73 MP: 8/8
  4208 | D:5      | Entered Level 5 of the Dungeon
  4754 | D:5      | Found Pemeselo's Food Shoppe.
  4755 | D:5      | Noticed P0WERM0DE's ghost (novice DsFi)
  4818 | D:5      | Killed P0WERM0DE's ghost
  4818 | D:5      | Reached skill level 9 in Axes
  4818 | D:5      | Reached skill level 5 in Armour
  5069 | D:5      | Found a staircase to the Ecumenical Temple.
  5167 | Temple   | Entered the Ecumenical Temple
  5970 | D:6      | Reached XP level 9. HP: 48/82 MP: 9/9
  6273 | D:6      | Reached skill level 10 in Axes
  7164 | D:7      | Found Heirid's Humungous Hoard.
  7189 | D:7      | Found a sparkling altar of Nemelex Xobeh.
  7986 | D:8      | Reached skill level 11 in Axes
  8214 | D:8      | Noticed a komodo dragon
  8231 | D:8      | Killed a komodo dragon
  8231 | D:8      | Reached skill level 10 in Fighting
  8271 | D:8      | Found a staircase to the Lair.
  8301 | D:8      | Found a hazy altar of Hepliaklqana.
  8524 | D:8      | Noticed a troll
  8545 | D:8      | Killed a troll
  8545 | D:8      | Reached XP level 10. HP: 27/94 MP: 10/10
  8564 | D:8      | Found a hide-covered altar to Ukayaw.
  8785 | D:8      | Found a radiant altar of Vehumet.
  8786 | D:8      | Found a blossoming altar of Fedhas.
  8798 | D:8      | Became a worshipper of Ukayaw the Reveler
  9020 | D:8      | Reached * piety under Ukayaw
  9169 | D:8      | Reached ** piety under Ukayaw
  9176 | D:8      | Reached skill level 12 in Axes
  9832 | D:9      | Reached *** piety under Ukayaw
 10013 | D:9      | Noticed Pikel
 10032 | D:9      | Killed Pikel
 10614 | D:9      | Noticed Psyche
 10978 | D:9      | Reached **** piety under Ukayaw
 11130 | D:9      | Killed Psyche
 11130 | D:9      | Reached skill level 13 in Axes
 11918 | D:9      | Reached XP level 11. HP: 84/104 MP: 11/11
 12199 | D:9      | Noticed a fire dragon
 12220 | D:9      | Reached ***** piety under Ukayaw
 12229 | D:9      | Killed a fire dragon
 12229 | D:9      | Reached skill level 14 in Axes
 12589 | D:10     | Entered Level 10 of the Dungeon
 12626 | D:10     | Noticed a hill giant
 12637 | D:10     | Killed a hill giant
 13051 | Lair:1   | Entered Level 1 of the Lair of Beasts
 13191 | Lair:1   | Reached ****** piety under Ukayaw
 13209 | Lair:1   | Reached skill level 17 in Axes
 13209 | Lair:1   | Reached XP level 12. HP: 16/115 MP: 10/12
 15067 | Lair:2   | Reached skill level 18 in Axes
 15517 | Lair:2   | Reached XP level 13. HP: 116/123 MP: 13/13
 17105 | D:9      | HP: 6/124 [something (4)]
 17106 | D:9      | HP: 1/124 [something (6)]
 17123 | D:9      | HP: 2/124 [something (3)]
 17123 | D:9      | Mangled by an unseen horror

Vault maps used:
D:1:      matt_arrival_refuge
D:2:      grunt_temple_overflow_order_and_chaos_1, uniq_sigmund
D:3:      lemuel_doored_altar, okawaru_ov_weapons_minmay, uniq_jessica,
          uniq_grinder
D:4:      first_bread, uniq_purgy
D:5:      temple_statues, serial_shops, nicolae_shop_waterfront
D:7:      nemelex_xobeh_ov_fountains_minmay, nicolae_alphabet_shops
D:8:      grunt_temple_overflow_open, dpeg_lair_monsters
D:9:      dragon1_lemuel, serial_curves, eino_curves_04, eino_curves_04,
          grunt_pizzeria, eino_jars, uniq_pikel, uniq_psyche
D:10:     serial_shops, shop, minivault_23, uniq_fannar, uniq_erica,
          uniq_joseph, uniq_sonja
Temple:   circular_temple_13
Lair:1:   beast_lair_carwin_4, serial_bayou_shore_b
Lair:2:   hangedman_lair_generics_rect, infiniplex_staircase_pool_2

Skill      XL: |  1  2  3  4  5  6  7  8  9 10 11 12 13 |
---------------+----------------------------------------+-----
Fighting       | 3 4 5 7 8 10 12 13 14 | 14.1
Axes           | 5 6 7 8 9 11 13 17 18 | 18.3
Armour         | 2 3 4 5 6 8 9 |  9.5
Throwing       | |  1.7
Dodging        | |  2.4

Action                   |  1- 3 |  4- 6 |  7- 9 | 10-12 | 13-15 || total
-------------------------+-------+-------+-------+-------+-------++-------
Melee: War axe           |    63 |    68 |   448 |   454 |    97 ||  1130
       Whip              |       |       |       |   112 |       ||   112
Throw: Throwing net      |       |       |     2 |       |       ||     2
Invok: Stomp             |       |       |       |     1 |     1 ||     2
Evoke: Wand              |       |       |       |     3 |     4 ||     7
  Use: Potion            |     2 |     1 |     5 |    12 |     2 ||    22
       Scroll            |       |       |    17 |     7 |     3 ||    27
 Stab: Paralysed         |       |       |       |    35 |     1 ||    36
  Eat: Chunk             |       |     3 |     2 |     4 |     2 ||    11
       Bread ration      |       |       |     4 |     3 |       ||     7
       Meat ration       |       |       |     1 |     1 |     1 ||     3
Armor: Leather armour    |    21 |       |       |       |       ||    21
       Ring mail         |     6 |    17 |   143 |    36 |       ||   202
       Skin              |       |       |    41 |    50 |       ||    91
       Plate armour      |       |       |       |   239 |   186 ||   425
Dodge: Dodged            |    67 |    36 |   236 |   225 |    46 ||   610
